 Dungeon Crawl Stone Soup version 0.31.0-32-g396128a36d (webtiles) character file.

Game seed: 4320373243790548057

8068 hawla the Carver (level 11, -6/82 HPs)
             Began as a Minotaur Monk on Mar 24, 2024.
             Was a Follower of Yredelemnul.
             Mangled by an unseen horror (7 damage)
             ... on level 10 of the Dungeon.
             The game lasted 00:19:29 (7714 turns).

hawla the Carver (Minotaur Monk)                    Turns: 7714, Time: 00:19:29

Health: -6/82      AC: 16    Str: 16    XL:     11   Next: 5%
Magic:  17/17      EV:  7    Int:  7    God:    Yredelemnul [*.....]
Gold:   503        SH:  5    Dex: 17    Spells: 10/10 levels left

rFire   . . .        J - +1 scimitar (flame)
rCold   . . .        d - orb {light}
rNeg    . . .        v - +0 plate armour
rPois   .            (helmet restricted)
rElec   .            B - +0 cloak
rCorr   .            t - +1 pair of gloves
SInv    .            A - +0 pair of boots
Will    .....        C - amulet of reflection Stlth
                     (no ring)
HPRegen 0.33/turn    (no ring)
MPRegen 0.15/turn

%: reflection
@: glowing
A: horns 2, retaliatory headbutt
a: Renounce Religion, Recall Undead Harvest


You were on level 10 of the Dungeon.
You worshipped Yredelemnul.
Yredelemnul was aware of your devotion.
You visited 2 branches of the dungeon, and saw 11 of its levels.
You also visited: Ossuary.

You collected 503 gold pieces.

Inventory:

Hand Weapons
 J - a +1 scimitar of flaming (weapon)
Missiles
 f - 11 atropa-tipped darts
 w - 8 curare-tipped darts
 D - 11 poisoned darts (quivered)
 H - a throwing net
Armour
 d - an orb of light (worn)
 t - a +1 pair of gloves (worn)
 v - a +0 plate armour (worn)
 A - a +0 pair of boots (worn)
 B - a +0 cloak (worn)
Jewellery
 g - an amulet of regeneration
 C - an amulet of reflection (around neck)
Wands
 p - a wand of iceblast (6)
 y - a wand of flame (5)
 z - a wand of paralysis (23)
 E - a wand of polymorph (8)
 F - a wand of mindburst (4)
Scrolls
 a - a scroll of poison
 b - a scroll of silence
 k - 3 scrolls of fog
 l - 4 scrolls of enchant armour
 m - 2 scrolls of vulnerability
Potions
 c - 3 potions of ambrosia
 e - 3 potions of haste
 h - a potion of resistance
 i - 2 potions of might
 j - 4 potions of curing
 n - 7 potions of brilliance {unknown}
 o - a potion of mutation {unknown}
 q - 3 potions of berserk rage {unknown}
 r - 3 potions of degeneration {unknown}
 s - a potion of enlightenment {unknown}
 u - a potion of magic {unknown}
 x - 2 potions of invisibility {unknown}
 G - a potion of lignification {unknown}


   Skills:
 - Level 3.6 Fighting
 + Level 13.0 Long Blades
 - Level 6.0 Throwing
 - Level 4.0 Armour
 - Level 6.0 Dodging
 - Level 10.0 Invocations
 - Level 3.0 Evocations


You had 10 spell levels left.
You didn't know any spells.
Your spell library was empty.

Dungeon Overview and Level Annotations

Branches:
Dungeon (10/15)            Temple (1/1) D:4         Ossuary (visited)
   Lair: D:8-11         Orc: D:9-12

Altars:
Ashenzari
Cheibriados
Dithmenos
Elyvilon
Fedhas
Gozag
Hepliaklqana
Kikubaaqudgha
Makhleb
Nemelex Xobeh
Qazlal
Ru
Sif Muna
Trog
Uskayaw
Vehumet
Wu Jian
Xom
Yredelemnul
Zin
The Shining One

Annotations:
D:6 2 transporters, Hsik's ghost, novice NaSh


Innate Abilities, Weirdness & Mutations

You have a pair of horns on your head.
You reflexively headbutt those who attack you in melee.


Message History

Your orc priest zombie hits the orc warrior but does no damage.
Your orc zombie hits the unseen horror.
Unknown command.
You hit the orc warrior. You burn the orc warrior.
You headbutt the orc warrior, but do no damage.
The orc warrior is severely wounded.
The orc warrior hits you with a +0 trident!
* * * LOW HITPOINT WARNING * * *
The unseen horror hits you.
* * * LOW HITPOINT WARNING * * *
Your orc priest zombie hits the orc warrior.
You feel better.
The unseen horror hits you but does no damage. x2
The orc warrior hits you but does no damage.
Your orc zombie misses the unseen horror.
The unseen horror completely misses your orc zombie.
Okay, then.
The unseen horror hits your orc zombie.
Your orc priest zombie closely misses the orc warrior.
The orc warrior hits you from afar with a +0 trident.
* * * LOW HITPOINT WARNING * * *
Your orc zombie hits the unseen horror but does no damage.
Your orc warrior zombie hits the unseen horror.
Items here: $ )) [.
The unseen horror hits you but does no damage.
Your orc priest zombie misses the orc warrior.
The orc warrior attacks as it pursues you!
The orc warrior hits you from afar with a +0 trident.
* * * LOW HITPOINT WARNING * * *
Aiming: Paralyse
Press: ? - help, Shift-Dir - straight line, f - orc warrior
Aim: an orc warrior, wielding a +0 trident and wearing a +0 plate armour (severely wounded, ally target, haloed, chance to affect: 56%)
The orc warrior resists with significant effort.
The unseen horror hits you but does no damage.
Your orc warrior zombie hits the orc warrior but does no damage.
The orc warrior hits you from afar with a +0 trident!
* * * LOW HITPOINT WARNING * * *
The unseen horror hits you!
You die...
Your body rises from the dead as a mindless zombie.

.".......##.#
..
#..........##..
#..............
#..............
...#
#...........#
#####...#
#......Z....#
........#
#.....ZoZ...#
........#
#....x$.....#
........#
#....@......#
........#
#...........#
.......>#
#...........#
........#
#...........#
........#
#.###.........
........# #.#
#..........
........####.#
#......##..
............>#
#.....[#
.............#
#......#


You could see an unseen horror (invisible, ally target), an orc warrior (ally
target), a friendly orc zombie, a friendly orc warrior zombie and a friendly orc
priest zombie.

Vanquished Creatures
  Erica (D:9)
  A two-headed ogre (D:8)
  The ghost of DemonSlayer the Thaumaturge, a novice DsEE of Jiyva (D:9)
  Pikel (D:9)
  Maurice (D:7)
  Jeremiah (D:7)
  A wyvern (D:9)
  A shadow (D:10)
  A steam dragon (D:8)
  Menkaure (D:5)
  2 water moccasins (D:7)
  2 orc warriors
  An ice beast (D:7)
  2 ogres
  2 wolves (D:9)
  3 phantoms
  3 centaurs
  2 elf zombies (Ossuary)
  A kobold brigand (D:8)
  A gnoll sergeant (D:7)
  2 scorpions
  2 bullfrogs (D:7)
  4 wights
  A howler monkey (D:8)
  3 centaur zombies (Ossuary)
  3 hounds
  A jelly (D:6)
  5 orc priests
  5 human zombies (Ossuary)
  3 sleepcaps (D:4)
  5 iguanas
  6 orc wizards
  A crocodile zombie (Ossuary)
  4 mummies
  4 gnolls (D:7)
  8 adders
  3 shadow imps
  3 white imps
  An ufetubus (D:5)
  A ribbon worm (D:3)
  31 orcs
  4 ball pythons
  5 bats
  5 endoplasms
  3 giant cockroaches
  3 goblins
  8 hobgoblins
  2 quokkas (D:1)
  A frilled lizard (D:1)
  8 kobolds
  5 rats
169 creatures vanquished.

Vanquished Creatures (collateral kills)
  A two-headed ogre (D:9)
  A wraith (D:9)
  Grum (D:9)
  An acid dragon (D:9)
  An ogre (D:5)
  A centaur (D:6)
  2 wights (D:9)
  A howler monkey (D:9)
  A jelly (D:6)
  A bombardier beetle (D:5)
  A hound (D:4)
  2 orc wizards
  A gnoll (D:7)
  An ufetubus (D:5)
  A ribbon worm (D:5)
  2 orcs
  A hobgoblin (D:5)
20 creatures vanquished.

Vanquished Creatures (others)
  A wyvern zombie (D:9)
  A wolf zombie (D:9)
  A scorpion zombie (D:7)
  A spectral shadow imp (D:7)
  A spectral white imp (D:7)
  A kobold zombie (D:8)
  6 orc zombies
12 creatures vanquished.

Grand Total: 201 creatures vanquished

Notes
Turn   | Place    | Note
-------+----------+-------------------------------------------
     0 | D:1      | hawla the Minotaur Monk began the quest for the Orb.
     0 | D:1      | Reached XP level 1. HP: 19/19 MP: 0/0
    31 | D:1      | Reached skill level 1 in Armour
    70 | D:1      | Reached XP level 2. HP: 26/26 MP: 1/1
   876 | D:2      | Found a hide-covered altar of Uskayaw.
  1156 | D:2      | Reached XP level 3. HP: 25/31 MP: 2/2
  1303 | D:3      | Noticed a scorpion
  1305 | D:3      | Killed a scorpion
  1306 | D:3      | Reached XP level 4. HP: 39/39 MP: 3/3
  1549 | D:3      | Noticed an ogre
  1554 | D:3      | Killed an ogre
  1555 | D:3      | Reached XP level 5. HP: 31/45 MP: 4/4
  1794 | D:4      | Reached XP level 6. HP: 39/51 MP: 5/5
  1920 | D:4      | Found a staircase to the Ecumenical Temple.
  1927 | Temple   | Entered the Ecumenical Temple
  1935 | Temple   | Became a worshipper of Yredelemnul the Dark
  1935 | Temple   | Reached * piety under Yredelemnul
  1935 | Temple   | Reached ** piety under Yredelemnul
  1961 | D:4      | Reached skill level 5 in Throwing
  2517 | D:5      | Entered Level 5 of the Dungeon
  2599 | D:5      | Noticed Menkaure
  2606 | D:5      | Killed Menkaure
  2607 | D:5      | Reached XP level 7. HP: 49/57 MP: 6/6
  2649 | D:5      | Reached skill level 5 in Dodging
  2954 | D:5      | Reached skill level 1 in Invocations
  3406 | D:6      | Reached XP level 8. HP: 59/64 MP: 9/9
  3413 | D:6      | Found a sand-covered staircase.
  3423 | Ossuary  | Entered an ossuary
  3513 | Ossuary  | Reached skill level 5 in Invocations
  3966 | D:6      | Noticed Hsik's ghost (novice NaSh)
  3993 | D:6      | Found a transporter.
  4242 | D:6      | Found a transporter.
  4555 | D:7      | Reached XP level 9. HP: 47/70 MP: 12/14
  5005 | D:7      | Noticed Jeremiah
  5021 | D:7      | Killed Jeremiah
  5161 | D:7      | Noticed Maurice
  5168 | D:7      | Maurice stole an amulet of reflection
  5170 | D:7      | Maurice stole 11 atropa-tipped darts
  5171 | D:7      | Maurice stole 138 gold
  5176 | D:7      | Maurice stole 210 gold
  5184 | D:7      | Killed Maurice
  5185 | D:7      | Reached skill level 10 in Invocations
  5299 | D:7      | Reached skill level 4 in Long Blades
  5482 | D:7      | Reached skill level 5 in Long Blades
  5742 | D:8      | Noticed a two-headed ogre
  5896 | D:8      | Killed a two-headed ogre
  5897 | D:8      | Reached skill level 7 in Long Blades
  5897 | D:8      | Reached XP level 10. HP: 77/77 MP: 16/16
  5967 | D:8      | Found a sparkling altar of Nemelex Xobeh.
  6025 | D:8      | Reached skill level 8 in Long Blades
  6476 | D:9      | Noticed Pikel
  6489 | D:9      | Killed Pikel
  6490 | D:9      | Reached skill level 9 in Long Blades
  6572 | D:9      | Noticed Grum
  6579 | D:9      | Killed Grum
  6653 | D:9      | Reached skill level 10 in Long Blades
  6732 | D:9      | Noticed a two-headed ogre
  6745 | D:9      | Killed a two-headed ogre
  6746 | D:9      | Reached skill level 11 in Long Blades
  6976 | D:9      | Found an ancient bone altar of Kikubaaqudgha.
  6983 | D:9      | Found a snail-covered altar of Cheibriados.
  7282 | D:9      | Found a runed translucent gate.
  7282 | D:9      | Found a runed translucent gate.
  7282 | D:9      | Found a runed translucent gate.
  7284 | D:9      | Noticed DemonSlayer's ghost (novice DsEE)
  7313 | D:9      | Killed DemonSlayer's ghost
  7314 | D:9      | Reached skill level 12 in Long Blades
  7499 | D:9      | Noticed Erica
  7503 | D:9      | Killed Erica
  7504 | D:9      | Reached XP level 11. HP: 82/82 MP: 17/17
  7560 | D:10     | Entered Level 10 of the Dungeon
  7707 | D:10     | Reached skill level 13 in Long Blades
  7714 | D:10     | HP: 1/82 [orc warrior/+0 trident (12)]
  7714 | D:10     | Mangled by an unseen horror

Illustrated notes

Levels and vault maps discovered:
D:1:      amcnicky_arrival_underground_garden, layout_loops_ring
D:2:      layout_loops_ring, basic_altar
D:3:      layout_rooms, nicolae_half_adder
D:4:      layout_basic, minmay_temple_entry_arrows
D:5:      layout_loops_ring, corexii_checkpoint, nrook_pool_corridor,
          abandoned_shop, st_stairs_5, uniq_menkaure
D:6:      nicolae_whirlpool, layout_basic, gup_ossuary_entry_pyramid,
          gammafunk_ghost_stat_death, serial_library_regret_index_small_wings
D:7:      layout_cave_pods, minmay_chambers_of_fives, uniq_maurice,
          uniq_jeremiah
D:8:      layout_loops_ring, kennysheep_little_box
D:9:      layout_irregular_city, minitemple, ebering_ghost_rock_garden,
          minmay_misc_feat_roman, minmay_misc_feat_ornament, uniq_erica,
          uniq_pikel, uniq_grum
D:10:     kennysheep_seaside_town, layout_long_grid,
          kennysheep_okawaru_gauntlet, lair_entry_dummy, enter_bailey_3
Temple:   nicolae_temple_two_arcs

Skill      XL: |  1  2  3  4  5  6  7  8  9 10 11 |
---------------+----------------------------------+-----
Armour         | 2 3 4 |  4.0
Throwing       | 2 4 6 |  6.0
Dodging        | 4 6 |  6.0
Invocations    | 3 8 10 | 10.0
Evocations     | 3 |  3.0
Long Blades    | 7 12 13 | 13.0
Fighting       | |  3.6

Action                     |  1- 3 |  4- 6 |  7- 9 | 10-12 || total
---------------------------+-------+-------+-------+-------++-------
  Melee: Falchion          |    47 |   116 |   373 |   104 ||   640
         Headbutt          |    13 |    32 |   117 |    33 ||   195
         Scimitar          |       |       |       |    27 ||    27
  Throw: Dart              |       |       |     4 |       ||     4
 Invoke: Recall Undead Har |       |       |     1 |       ||     1
         Dark Bargain      |       |       |       |     1 ||     1
  Evoke: Wand              |       |       |    19 |    14 ||    33
    Use: Scroll            |     2 |     3 |    11 |     4 ||    20
         Potion            |       |       |       |     3 ||     3
   Stab: Distracted        |       |     1 |     2 |     2 ||     5
         Paralysed         |       |       |    10 |    14 ||    24
 Armour: Robe              |    13 |       |       |       ||    13
         Leather armour    |     9 |    27 |       |       ||    36
         Ring mail         |       |    49 |       |       ||    49
         Plate armour      |       |     4 |   414 |   179 ||   597
  Dodge: Dodged            |    32 |    65 |   134 |    62 ||   293
